 Dungeon Crawl Stone Soup version 0.17-a0-849-g0c87caa (webtiles) character file.

165 FedoraBrony69 the Magician (level 5, -6/28 HPs)
             Began as a Deep Elf Air Elementalist on Apr 27, 2015.
             Mangled by eataudio's ghost (15 damage)
             ... on level 3 of the Dungeon.
             The game lasted 00:08:39 (3396 turns).

FedoraBrony69 the Magician (DEAE)                   Turns: 3396, Time: 00:08:39

Health: -6/28      AC:  8    Str:  5    XL:     5   Next: 22%
Magic:  0/14       EV: 17    Int: 21    God:
Gold:   138        SH:  0    Dex: 15    Spells: 1 memorised, 13 levels left

rFire  . . .     SeeInvis .     y - +2 falchion (protect)
rCold  . . .     Clarity  .     a - +0 robe
rNeg   . . .     SustAb   .     (no shield)
rPois  .         Gourm    .     (no helmet)
rElec  .         Spirit   .     (no cloak)
rCorr  .         Warding  .     l - +0 pair of gloves (curse)
rMut   .         Stasis   .     (no boots)
MR     .....                    (no amulet)
Stlth  ++........               (no ring)
                                x - +4 ring of evasion

@: very slightly contaminated, not resistant to hostile enchantments, unstealthy
A: no striking features
a: no special abilities


You were on level 3 of the Dungeon.
You were very hungry.

You visited 1 branch of the dungeon, and saw 3 of its levels.

You collected 138 gold pieces.

Inventory:

Hand weapons
 d - a +0 dagger
 y - a +2 falchion of protection (weapon)
Armour
 a - a +0 robe (worn)
 l - a cursed +0 pair of gloves (worn)
 q - a cursed +0 leather armour
Jewellery
 x - a +4 ring of evasion (left hand)
Scrolls
 f - 2 scrolls of remove curse {unknown}
 g - 5 scrolls of identify {unknown}
 i - a scroll of magic mapping {unknown}
 j - 3 scrolls of immolation {unknown}
 m - 3 scrolls of fog {unknown}
 o - a scroll of blinking {unknown}
Potions
 e - 2 potions of curing {unknown}
 h - 3 potions of magic {unknown}
 k - 2 potions of brilliance {unknown}
 p - a potion of heal wounds {unknown}
 s - 2 potions of poison {unknown}
 t - a potion of mutation {unknown}
 u - a potion of cancellation {unknown}
 w - a potion of agility {unknown}
Books
 b - a book of Air

   Spells                             Type                      Level
   a - Shock                          Conjuration/Air              1
   b - Swiftness                      Charms/Air                   2
   c - Repel Missiles                 Charms/Air                   2
   d - Flight                         Charms/Air                   3
   e - Static Discharge               Conjuration/Air              3
   f - Lightning Bolt                 Conjuration/Air              5
 z - a book of the Sky

   Spells                             Type                      Level
   a - Flight                         Charms/Air                   3
   b - Airstrike                      Air                          4
   c - Silence                        Hexes/Air                    5
   d - Deflect Missiles               Charms/Air                   6
   e - Conjure Ball Lightning         Conjuration/Air              6
   f - Tornado                        Air                          9
Comestibles
 c - 3 bread rations
 n - 2 slices of pizza
 r - a royal jelly
 v - a meat ration


   Skills:
 - Level 2.4 Dodging
 - Level 2.4 Stealth
 + Level 5.1 Spellcasting
 - Level 4.0 Conjurations
 * Level 3.4 Air Magic


You had 13 spell levels left.
You knew the following spells:

 Your Spells              Type           Power        Failure   Level  Hunger
a - Shock                 Conj/Air       ###.         1%          1    None


Dungeon Overview and Level Annotations

Branches:
Dungeon (3/15)

Altars:

Annotations:
D:3 eataudio's ghost, average MiFi


Message History

The zap hits eataudio's ghost.
Eataudio's ghost is severely damaged.
Eataudio's ghost makes a sound of rattling chains.
Eataudio's ghost hits you!
Casting: Shock
Confirm with . or Enter, or press ? or * to list all spells.
Aiming: Shock
Press: ? - help, Shift-Dir - straight line, f/p - eataudio's ghost
Aim: eataudio's ghost (severely damaged)
The zap hits eataudio's ghost.
Eataudio's ghost is almost destroyed.
Eataudio's ghost barely misses you.
Casting: Shock
Confirm with . or Enter, or press ? or * to list all spells.
Aiming: Shock
Press: ? - help, Shift-Dir - straight line, f/p - eataudio's ghost
Aim: eataudio's ghost (almost destroyed)
The zap misses eataudio's ghost.
Eataudio's ghost hits you!
Ouch! That really hurt!
You die...

#.......[..
#..##.#####
#..##.#####
#....#..##.
##.###.#.#..
#...........
#######..###......
#.................
#@###.##.......... #W#
#.########.##. #># #.#
#.##. #.###.## ##.##.
#.$.?..# ##.>.#.
#####..# ###......
#..# #....[... #####
#..###.#.<..<.
#...#####..#.#.##...##


You could see eataudio's ghost.

Vanquished Creatures
  An orc priest (D:3)
  Jessica (D:2)
  2 adders
  3 worms
  2 giant geckos
  5 orcs (D:3)
  4 giant cockroaches
  11 goblins
  8 hobgoblins
  2 jackals (D:1)
  8 kobolds
  5 quokkas
  13 bats
  A giant newt (D:2)
  8 rats
74 creatures vanquished.

Notes
Turn   | Place    | Note
--------------------------------------------------------------
     0 | D:1      | FedoraBrony69, the Deep Elf Air Elementalist, began the quest for the Orb.
     0 | D:1      | Reached XP level 1. HP: 10/10 MP: 6/6
    90 | D:1      | Reached XP level 2. HP: 15/15 MP: 0/8
   917 | D:2      | Reached XP level 3. HP: 19/19 MP: 2/10
   993 | D:2      | Reached skill level 4 in Spellcasting
  1534 | D:2      | Noticed Jessica
  1537 | D:2      | Killed Jessica
  1537 | D:2      | Reached XP level 4. HP: 24/24 MP: 4/12
  1922 | D:3      | Noticed eataudio's ghost (average MiFi)
  3026 | D:3      | Reached skill level 5 in Spellcasting
  3026 | D:3      | Reached XP level 5. HP: 22/28 MP: 3/14
  3396 | D:3      | Mangled by eataudio's ghost

Action                   |  1- 3 |  4- 6 || total
-------------------------+-------+-------++-------
Melee: Dagger            |     4 |     4 ||     8
 Cast: Shock             |    98 |   128 ||   226
  Eat: Chunk             |     2 |     4 ||     6
